 Dungeon Crawl Stone Soup version 0.29-a0-512-gf59ac788ac (webtiles) character file.

Game seed: 4094097510963273551

1660 benadryl the Ruffian (level 8, -12/79 HPs)
             Began as a Troll Hunter on May 29, 2022.
             Killed from afar by Maggie (22 damage)
             ... with a bolt of fire
             ... on level 6 of the Dungeon.
             The game lasted 00:08:18 (4016 turns).

benadryl the Ruffian (Troll Hunter)                 Turns: 4016, Time: 00:08:18

Health: -12/79     AC:  6    Str: 20    XL:     8   Next: 68%
Magic:  7/7        EV: 10    Int: 11    God:
Gold:   377        SH:  0    Dex: 15    Spells: 7/7 levels left

rFire   . . .      SeeInvis .     - Unarmed
rCold   . . .      Faith    .   (no shield)
rNeg    . . .      Spirit   .   b - +1 robe
rPois   .          Reflect  .   (helmet restricted)
rElec   .          Harm     .   y - +0 cloak
rCorr   .          Rampage  .   (gloves unavailable)
Will    .....                   (boots unavailable)
Stlth   +.........              (no amulet)
HPRegen 1.03/turn               s - +6 ring of intelligence
MPRegen 0.10/turn               (no ring)

@: mighty, mesmerised
A: large, unfitting armour, claws 3, regeneration 1, shaggy fur 1, tough skin 1
a: no special abilities


You were on level 6 of the Dungeon.
You visited 1 branch of the dungeon, and saw 6 of its levels.

You collected 377 gold pieces.

Inventory:

Hand Weapons
 a - a +1 hand crossbow
Missiles
 j - a throwing net
Armour
 b - a +1 robe (worn)
 y - a +0 cloak (worn)
Jewellery
 k - an amulet of faith
 s - a +6 ring of intelligence (left claw)
Wands
 o - a wand of digging (6)
 q - a wand of mindburst (13)
Scrolls
 c - 2 scrolls of immolation
 e - 7 scrolls of teleportation
 h - a scroll of silence
 l - a scroll of enchant armour
 v - 2 scrolls of fear
 w - a scroll of noise {unknown}
 x - 2 scrolls of identify {@r1}
Potions
 d - a potion of haste {unknown}
 f - a potion of flight
 g - 2 potions of attraction
 i - 2 potions of berserk rage
 m - 2 potions of ambrosia
 p - a potion of cancellation {unknown}
 u - a potion of invisibility {unknown}


   Skills:
 + Level 4.9 Fighting
 + Level 4.5 Crossbows
 - Level 1.5 Dodging
 - Level 0.3 Stealth
 * Level 7.9 Unarmed Combat


You had 7 spell levels left.
You didn't know any spells.
Your spell library contained the following spells:

 Spells                   Type           Power      Damage    Failure   Level
 Apportation              Tloc           0%         N/A       34%         1
 Slow                     Hex            0%         N/A       34%         1
 Ensorcelled Hibernation  Hex/Ice        0%         N/A       47%         2
 Confusing Touch          Hex            0%         N/A       71%         3
 Spider Form              Tmut/Pois      0%         N/A       71%         3
 Vampiric Draining        Necr           0%         2d6       71%         3
 Anguish                  Hex/Necr       0%         N/A       98%         4
 Alistair's Intoxication  Tmut/Pois      0%         N/A       100%        5


Dungeon Overview and Level Annotations

Branches:
Dungeon (6/15)
 Temple: D:4-7

Altars:
Ashenzari
Dithmenos
Gozag
Makhleb

Shops:
D:4 ?   D:5 !   D:6 [

Annotations:
D:6 Maggie


Innate Abilities, Weirdness & Mutations

You are too large for most types of armour.
You have claws for hands.
Your natural rate of healing is unusually fast.
You are covered in fur. (AC +1)
You have tough skin. (AC +1)


Message History

Aim: Maggie, wielding a +0 long sword and wearing +0 swamp dragon scales (lightly wounded, mesmerising, 69% to hit)
You shoot a bolt.
The bolt hits Maggie but does no damage.
Maggie is lightly wounded.
Maggie gestures at you while chanting. The bolt of fire hits you.
Shoot: a) +1 hand crossbow
Press: ? - help, Q - select action, (/) - cycle Shift-Dir - straight line, f/p - Maggie
Aim: Maggie, wielding a +0 long sword and wearing +0 swamp dragon scales (lightly wounded, mesmerising, 69% to hit)
You shoot a bolt. The bolt hits Maggie.
Maggie is lightly wounded.
Maggie gestures at you while chanting. The bolt of fire hits you!!!
You are now empty-clawed.
You are too mesmerised to rage.
You feel very mighty all of a sudden. Maggie gestures at you while chanting.
The bolt of fire hits you!
You mangle Maggie!!
Maggie is heavily wounded.
You break out of your daze.
Maggie gestures wildly while chanting.
Maggie attempts to bespell you! You resist.
You scratch Maggie.
Maggie is heavily wounded.
Maggie hits you with a +0 long sword!
* * * LOW HITPOINT WARNING * * *
You claw Maggie!
Maggie is severely wounded.
Maggie casts a spell at you. The bolt of fire hits you!!
* * * LOW HITPOINT WARNING * * *
It was a potion of magic.
Magic courses through your body.
Maggie gestures wildly while chanting.
Maggie attempts to bespell you!
You are mesmerised by Maggie!
It was a potion of curing.
You feel better. Maggie casts a spell at you. The bolt of fire hits you!!
You die...

....... ........#
........# ........#
.......<#### .
...........#####...
##................
.#....@..8.∩.<.8...
.......@##.#####...
....!...##.### .
##....#......# ....
#####........###.....
................#
...............[#
................#
...................
.....>..............


You could see Maggie (mesmerising).

Vanquished Creatures
  Grinder (D:4)
  2 water moccasins (D:6)
  An ice beast (D:5)
  An orc warrior (D:5)
  A sky beast (D:6)
  A centaur (D:5)
  2 phantoms
  A kobold brigand (D:6)
  2 scorpions
  5 wights (D:6)
  4 iguanas
  An orc wizard (D:4)
  4 gnolls (D:4)
  5 adders
  A dart slug (D:1)
  12 orcs
  2 bats
  14 endoplasms
  2 giant cockroaches
  6 goblins
  7 hobgoblins
  13 kobolds
  A quokka (D:3)
  7 ball pythons
  19 frilled lizards
  8 rats
123 creatures vanquished.

Vanquished Creatures (others)
  6 plants (D:3)
  5 withered plants (D:2)
11 creatures vanquished.

Grand Total: 134 creatures vanquished

Notes
Turn   | Place    | Note
-------+----------+-------------------------------------------
     0 | D:1      | benadryl the Troll Hunter began the quest for the Orb.
     0 | D:1      | Reached XP level 1. HP: 19/19 MP: 0/0
   100 | D:1      | Reached skill level 1 in Unarmed Combat
   112 | D:1      | Reached XP level 2. HP: 28/28 MP: 1/1
   324 | D:1      | Reached skill level 2 in Unarmed Combat
   482 | D:1      | Reached XP level 3. HP: 35/35 MP: 2/2
   699 | D:2      | Found a faded altar of an unknown god.
   984 | D:3      | Found an opulent altar of Gozag.
  1093 | D:3      | Noticed a phantom
  1104 | D:3      | Killed a phantom
  1105 | D:3      | Reached skill level 3 in Unarmed Combat
  1105 | D:3      | Reached XP level 4. HP: 32/44 MP: 3/3
  1157 | D:3      | Noticed a scorpion
  1164 | D:3      | Killed a scorpion
  1165 | D:3      | Reached XP level 5. HP: 43/50 MP: 4/4
  1706 | D:4      | Reached skill level 4 in Unarmed Combat
  1706 | D:4      | Reached XP level 6. HP: 14/61 MP: 5/5
  1832 | D:4      | Found a burning altar of Makhleb.
  1832 | D:4      | Found a broken altar of Ashenzari.
  2030 | D:4      | Noticed Grinder
  2032 | D:4      | Paralysed by Grinder for 5 turns
  2049 | D:4      | Paralysed by Grinder for 3 turns
  2054 | D:4      | Killed Grinder
  2055 | D:4      | Reached skill level 5 in Unarmed Combat
  2055 | D:4      | Reached XP level 7. HP: 48/67 MP: 6/6
  2144 | D:4      | Found a shadowy altar of Dithmenos.
  2426 | D:4      | Found Biont's Magic Scroll Emporium.
  2515 | D:5      | Entered Level 5 of the Dungeon
  2647 | D:5      | Reached skill level 6 in Unarmed Combat
  3102 | D:5      | Reached XP level 8. HP: 76/78 MP: 7/7
  3158 | D:5      | Found Igrajuv's Distillery.
  3353 | D:6      | Reached skill level 7 in Unarmed Combat
  3986 | D:6      | Found Saeg's Armour Shoppe.
  4002 | D:6      | Noticed Maggie
  4014 | D:6      | HP: 3/79 [Maggie/bolt of fire (21)]
  4016 | D:6      | Killed from afar by Maggie

Illustrated notes

Levels and vault maps discovered:
D:1:      scummos_arrival_gate, layout_basic, minmay_tetromino_s4
D:2:      layout_rooms, ebering_ecumenical_altar_petrified, minmay_tall_x
D:3:      layout_basic, nicolae_gozag_cash_rules_everything_around_me,
          serial_aquarium, aquarium_bridge_square [aquarium_subvault_wall,
          aquarium_subvault_bridge, aquarium_subvault_bridge,
          aquarium_subvault_bridge], aquarium_window_1, aquarium_window_2,
          aquarium_view_2d, aquarium_pool_side, minmay_lizard_king
D:4:      layout_basic, grunt_dithmenos_smoke_and_mirrors, jmf_multi_god_temple,
          serial_shops, nicolae_square_shop, uniq_grinder
D:5:      layout_loops_ring, serial_shops, nicolae_shop_trees
D:6:      layout_basic, serial_shops, shop_statue, uniq_maggie

Skill      XL: |  1  2  3  4  5  6  7  8 |
---------------+-------------------------+-----
Unarmed Combat | 1 2 3 4 5 6 7 |  7.9
Fighting       | 2 3 4 |  4.9
Crossbows      | 3 4 |  4.5
Dodging        | |  1.5
Stealth        | |  0.3

Action                   |  1- 3 |  4- 6 |  7- 9 || total
-------------------------+-------+-------+-------++-------
Melee: Unarmed           |    59 |    35 |    94 ||   188
       Punch             |     2 |     1 |     3 ||     6
 Fire: Hand crossbow     |    49 |    90 |    76 ||   215
  Use: Scroll            |       |     8 |     2 ||    10
       Potion            |       |     1 |     3 ||     4
 Stab: Sleeping          |     1 |       |       ||     1
Armor: Robe              |    30 |    20 |    29 ||    79
Dodge: Dodged            |    24 |    28 |    57 ||   109

Table legend: (Time is in decaauts)
 A = Elapsed time spent in this place.
 B = Non-inter-level travel time spent in this place.
 C = Inter-level travel time spent in this place.
 D = Time resting spent in this place.
 E = Time spent auto-exploring this place.
 F = Levels seen in this place.
 G = Mean time per level.
                   A        B        C        D        E       F      G
               +--------+--------+--------+--------+--------+-----+--------+
         Total |   4045 |   3956 |     89 |    549 |   2623 |   6 |  674.2 |
       Dungeon |   4045 |   3956 |     89 |    549 |   2623 |   6 |  674.2 |
               +--------+--------+--------+--------+--------+-----+--------+

Top non-repeatable levels by time:
     D:4: 885 daAuts
     D:5: 768 daAuts
     D:3: 730 daAuts
     D:6: 725 daAuts
     D:1: 553 daAuts
     D:2: 380 daAuts
